 Dungeon Crawl Stone Soup version 0.23.0-28-g6fe0f4d (webtiles) character file.

Game seed: 3829441887961969371

11314 Lanoc the Fighter (level 11, -8/138 HPs)
             Began as a Demonspawn Berserker on Feb 25, 2019.
             Was a High Priest of Trog.
             Mangled by an ettin
             ... wielding a +0 dire flail
              (13 damage)
             ... while paralysed by an orc
             ... on level 11 of the Dungeon.
             The game lasted 00:28:31 (9966 turns).

Lanoc the Fighter (Demonspawn Berserker)            Turns: 9966, Time: 00:28:33

Health: -8/138     AC: 17    Str: 27    XL:     11   Next: 47%
Magic:  0/11       EV:  2    Int:  8    God:    Trog [*****.]
Gold:   201        SH:  0    Dex: 16    Spells: 10/10 levels left

rFire    . . .     SeeInvis .   G - +2 scimitar (vamp)
rCold    . . .     Gourm    .   (no shield)
rNeg     + . .     Faith    .   y - +3 chain mail {rN+}
rPois    .         Spirit   +   (no helmet)
rElec    .         Reflect  .   a - scarf {Spirit}
rCorr    .         Harm     .   (no gloves)
MR       .....                  (no boots)
Stlth    ..........             m - amulet of regeneration
HPRegen  2.73/turn              n - +4 ring of strength
MPRegen  0.12/turn              r - +3 ring of evasion

@: paralysed, berserking
A: talons 2, slimy green scales 2, nightstalker 2, powered by death 1
a: Berserk, Trog's Hand, Brothers in Arms, Renounce Religion


You were on level 11 of the Dungeon.
You worshipped Trog.
Trog was extremely pleased with you.
You were hungry.

You visited 2 branches of the dungeon, and saw 12 of its levels.

You collected 537 gold pieces.
You spent 336 gold pieces at shops.

Inventory:

Hand Weapons
 G - a +2 vampiric scimitar (weapon)
Armour
 a - a scarf of spirit shield (worn)
 y - a +3 chain mail of positive energy (worn)
Jewellery
 m - an amulet of regeneration (around neck)
 n - a +4 ring of strength (left hand)
 r - a +3 ring of evasion (right hand)
 A - an uncursed ring of flight
Wands
 C - a wand of acid (4)
 D - a wand of random effects (10)
Scrolls
 b - 2 scrolls of enchant weapon {unknown}
 d - 5 scrolls of teleportation
 e - 3 scrolls of immolation
 f - 11 scrolls of remove curse
 g - 2 scrolls of enchant armour {unknown}
 h - 3 scrolls of magic mapping {unknown}
 j - 11 scrolls of identify
 p - 3 scrolls of blinking {unknown}
 s - 2 scrolls of amnesia {unknown}
 u - a scroll of fog {unknown}
 v - a scroll of random uselessness {unknown}
Potions
 c - a potion of haste
 i - 3 potions of ambrosia
 l - 2 potions of berserk rage {unknown}
 q - 2 potions of mutation
 t - a potion of magic {unknown}
 w - 4 potions of lignification
 x - 2 potions of agility
 z - a potion of might {unknown}
 E - 2 potions of heal wounds
 F - 2 potions of cancellation
Comestibles
 k - 4 chunks of flesh
 o - 2 rations


   Skills:
 + Level 10.9 Fighting
 - Level 2.6 Long Blades
 + Level 9.9 Armour
 + Level 10.0 Dodging


You had 10 spell levels left.
You didn't know any spells.
Your spell library was empty.

Dungeon Overview and Level Annotations

Branches:
Dungeon (11/15)            Temple (1/1) D:5            Lair (0/6) D:10
    Orc: D:9-12

Altars:
Ashenzari
Cheibriados
Dithmenos
Elyvilon
Fedhas
Gozag
Hepliaklqana
Kikubaaqudgha
Makhleb
Nemelex Xobeh
Okawaru
Qazlal
Ru
Sif Muna
Trog
Uskayaw
Vehumet
Wu Jian
Xom
Yredelemnul
Zin
The Shining One

Shops:
D:4 [   D:9 !

Annotations:
D:7 1 runed translucent door, SeriousVitamin's ghost, novice DEFE
D:11 Psyche


Innate Abilities, Weirdness & Mutations

You have razor-sharp toenails.
You are mostly covered in slimy green scales. (AC +3)
You are significantly more attuned to the shadows.
You regenerate a little health from kills.


Message History

Psyche miscasts a cantrip.
The orc hits you but does no damage. The bullfrog hits you.
The orc hits you but does no damage. Psyche hits you but does no damage.
Space warps horribly around you!! The bullfrog completely misses you.
The orc zaps a wand.
You shrug off the repeated paralysis!
The ettin hits you with a +0 dire flail!!
The ettin hits you with a +2 dire flail of holy wrath!!!
You convulse!!!
* * * LOW HITPOINT WARNING * * *
The orc hits you but does no damage. The bullfrog completely misses you.
Psyche hits you but does no damage.
The orc wizard hits you but does no damage.
The orc hits you but does no damage.
The bullfrog hits you but does no damage.
Psyche hits you but does no damage. Space bends around you.
* * * LOW HITPOINT WARNING * * *
The orc hits you but does no damage. The ettin hits you but does no damage.
The ettin hits you with a +2 dire flail of holy wrath!
You die...

.##........
............
............
.......o....
#.....)@oo...
##.....o@C....
#..###.Foo....
#...###[.(....
.......รท......
.#..<.)......
###().......
#>.......
###...... #.>..


You could see an ettin, Psyche, a bullfrog, 2 orc wizards and 4 orcs.

Vanquished Creatures
  Harold (D:8)
  3 death yaks (D:10)
  Pikel (D:6)
  A deep elf mage (D:9)
  The ghost of Curus the Cruncher, a novice MiGl of Trog (D:6)
  A cyclops (D:9)
  A gargoyle (D:11)
  A merfolk (D:11)
  A hornet (D:10)
  Grinder (D:4)
  A hippogriff (D:7)
  A vampire (D:9)
  Sigmund (D:5)
  A wyvern (D:11)
  2 wraiths (D:10)
  Edmund (D:5)
  2 water moccasins
  Duvessa (D:6)
  2 black bears
  4 orc warriors
  3 phantoms
  3 ice beasts
  A sky beast (D:5)
  An eye of draining (D:9)
  2 ogres
  4 centaurs
  A crocodile (D:8)
  2 big kobolds
  Blork the orc (D:6)
  6 bullfrogs
  Dowan (D:6)
  A wyvern skeleton (D:8)
  5 killer bees (D:10)
  8 wights (D:10)
  A howler monkey (D:8)
  4 crimson imps
  3 jellies
  A centaur skeleton (D:10)
  4 hounds
  7 bullfrog skeletons
  9 orc priests
  12 orc wizards
  5 iguanas
  5 worker ants
  A hound skeleton (D:5)
  2 worker ant zombies (D:9)
  3 gnolls (D:4)
  10 adders
  A river rat (D:10)
  3 shadow imps
  5 oozes
  An adder skeleton (D:4)
  A worm (D:2)
  3 dart slugs
  6 leopard geckos
  36 orcs
  6 giant cockroaches
  2 goblins
  9 hobgoblins
  15 jackals
  4 quokkas
  A ball python (D:2)
  11 bats
  3 frilled lizards
  2 goblin skeletons (D:7)
  A goblin zombie (D:7)
  A jackal skeleton (D:8)
  14 kobolds
  A kobold skeleton (D:7)
  2 kobold zombies (D:7)
  An orc zombie (D:7)
  4 rats
267 creatures vanquished.

Vanquished Creatures (others)
  2 slaves (D:6)
  An adder (D:6)
  A ball python (D:6)
  A frilled lizard (D:4)
5 creatures vanquished.

Grand Total: 272 creatures vanquished

Notes
Turn   | Place    | Note
-------+----------+-------------------------------------------
     0 | D:1      | Lanoc the Demonspawn Berserker began the quest for the Orb.
     0 | D:1      | Reached XP level 1. HP: 18/18 MP: 1/1
   363 | D:1      | Gained mutation: You are slightly more attuned to the
                  | shadows. [demonic ancestry]
   363 | D:1      | Reached XP level 2. HP: 24/24 MP: 2/2
   986 | D:2      | Gained mutation: You regenerate a little health from kills.
                  | [demonic ancestry]
   986 | D:2      | Reached XP level 3. HP: 10/29 MP: 3/3
  1070 | D:2      | Reached ** piety under Trog
  1795 | D:3      | Reached XP level 4. HP: 24/37 MP: 4/4
  2798 | D:4      | Noticed Grinder
  2805 | D:4      | Paralysed by Grinder for 4 turns
  2823 | D:4      | Paralysed by Grinder for 2 turns
  2833 | D:4      | Paralysed by Grinder for 6 turns
  2852 | D:4      | Killed Grinder
  2852 | D:4      | Gained mutation: You are significantly more attuned to the
                  | shadows. [demonic ancestry]
  2852 | D:4      | Reached XP level 5. HP: 12/43 MP: 2/5
  2852 | D:4      | Reached XP level 6. HP: 14/49 MP: 2/6
  3097 | D:4      | Reached *** piety under Trog
  3290 | D:4      | Reached skill level 5 in Fighting
  3344 | D:4      | Reached XP level 7. HP: 38/56 MP: 7/7
  3761 | D:4      | Found Lineutz's Antique Armour Shop.
  3905 | D:5      | Entered Level 5 of the Dungeon
  4014 | D:5      | Noticed Sigmund
  4044 | D:5      | Killed Sigmund
  4085 | D:5      | Reached skill level 5 in Armour
  4231 | D:5      | Noticed Edmund
  4238 | D:5      | Killed Edmund
  4238 | D:5      | Reached skill level 5 in Dodging
  4238 | D:5      | Gained mutation: You are partially covered in slimy green
                  | scales. (AC +2) [demonic ancestry]
  4238 | D:5      | Reached XP level 8. HP: 64/64 MP: 6/8
  4554 | D:5      | Found an iron altar of Okawaru.
  4565 | D:5      | Found a staircase to the Ecumenical Temple.
  4601 | Temple   | Entered the Ecumenical Temple
  4981 | D:6      | Noticed Pikel
  4993 | D:6      | Killed Pikel
  5026 | D:6      | Noticed Duvessa
  5108 | D:6      | Killed Duvessa
  5297 | D:6      | Noticed Dowan
  5316 | D:6      | Killed Dowan
  5520 | D:6      | Noticed Blork the orc
  5532 | D:6      | Killed Blork the orc
  5532 | D:6      | Gained mutation: You have sharp toenails. [demonic
                  | ancestry]
  5532 | D:6      | Reached XP level 9. HP: 63/72 MP: 6/9
  5645 | D:6      | Found a runed translucent door.
  5645 | D:6      | Noticed Curus's ghost (novice MiGl)
  5656 | D:6      | Killed Curus's ghost
  5961 | D:7      | Found a runed translucent door.
  5962 | D:7      | Noticed SeriousVitamin's ghost (novice DEFE)
  6102 | D:7      | Found a glowing golden altar of the Shining One.
  6106 | D:7      | Reached **** piety under Trog
  6792 | D:8      | Noticed Harold
  6805 | D:8      | Killed Harold
  6805 | D:8      | Gained mutation: You are mostly covered in slimy green
                  | scales. (AC +3) [demonic ancestry]
  6805 | D:8      | Reached XP level 10. HP: 83/83 MP: 10/10
  7417 | D:8      | Found an ancient bone altar of Kikubaaqudgha.
  7539 | D:9      | Noticed a deep elf mage
  7540 | D:9      | Noticed a cyclops
  7549 | D:9      | Killed a cyclops
  7554 | D:9      | Noticed a sun demon
  7555 | D:9      | Killed a deep elf mage
  7917 | D:9      | Found Suha's Distillery.
  7920 | D:9      | Bought a potion of degeneration for 14 gold pieces
  7920 | D:9      | Bought a potion of lignification for 42 gold pieces
  7920 | D:9      | Bought a potion of mutation for 112 gold pieces
  7920 | D:9      | Bought a potion of cancellation for 112 gold pieces
  7920 | D:9      | Bought a potion of agility for 56 gold pieces
  8007 | D:9      | Reached ***** piety under Trog
  8443 | D:10     | Entered Level 10 of the Dungeon
  8455 | D:10     | Reached skill level 10 in Fighting
  8848 | D:10     | Paralysed by a hornet for 3 turns
  9245 | D:10     | Noticed a death yak
  9247 | D:10     | Found a staircase to the Lair.
  9247 | D:10     | Noticed a death yak
  9249 | D:10     | Noticed a death yak
  9255 | D:10     | Killed a death yak
  9255 | D:10     | Gained mutation: You have razor-sharp toenails. [demonic
                  | ancestry]
  9255 | D:10     | Reached XP level 11. HP: 92/92 MP: 7/11
  9446 | D:10     | Killed a death yak
  9453 | D:10     | Killed a death yak
  9748 | D:10     | Received a gift from Trog
  9954 | D:11     | Noticed Psyche
  9958 | D:11     | Reached skill level 10 in Dodging
  9958 | D:11     | Noticed an ettin
  9961 | D:11     | Paralysed by an orc for 6 turns
  9965 | D:11     | HP: 4/138 [ettin/+0 dire flail (45)]
  9966 | D:11     | Mangled by an ettin

Skill      XL: |  1  2  3  4  5  6  7  8  9 10 11 |
---------------+----------------------------------+-----
Dodging        | 2 3 4 5 6 8 9 10 | 10.0
Armour         | 2 3 4 5 6 7 9 |  9.9
Fighting       | 4 5 6 7 9 10 | 10.9
Long Blades    | |  2.6

Action                   |  1- 3 |  4- 6 |  7- 9 | 10-12 || total
-------------------------+-------+-------+-------+-------++-------
Melee: Falchion          |   127 |   199 |   334 |   190 ||   850
       Kick              |       |       |    86 |   200 ||   286
       Scimitar          |       |       |       |   184 ||   184
Invok: Berserk           |     3 |     2 |     8 |    10 ||    23
       Trog's Hand       |       |     1 |     1 |       ||     2
  Use: Potion            |     1 |     2 |     1 |     2 ||     6
       Scroll            |     1 |       |       |     3 ||     4
 Stab: Sleeping          |     2 |       |       |       ||     2
  Eat: Chunk             |     5 |     5 |    11 |    13 ||    34
       Ration            |       |     1 |     2 |     4 ||     7
Armor: Animal skin       |     9 |       |       |       ||     9
       Plate armour      |    75 |   195 |   107 |       ||   377
       Chain mail        |       |       |    87 |   249 ||   336
Dodge: Dodged            |    57 |   106 |   196 |   406 ||   765
       Rpst.: Falchion   |    19 |    33 |    69 |    45 ||   166
       Scimitar          |       |       |       |    81 ||    81
